 Dungeon Crawl Stone Soup version 0.20.0-15-g7f486f2 (webtiles) character file.

29 Chiseanne the Magician (level 3, 24/24 HPs)
             Began as a Demonspawn Wizard on June 15, 2017.
             Quit the game on level 1 of the Dungeon.
             The game lasted 00:01:25 (1226 turns).

Chiseanne the Magician (Demonspawn Wizard)          Turns: 1226, Time: 00:01:26

Health: 24/24      AC:  2    Str:  7    XL:     3   Next: 1%
Magic:  4/7        EV: 12    Int: 20    God:
Gold:   27         SH:  0    Dex: 11    Spells: 7/8 levels left

rFire    . . .     SeeInvis .   h - +0 mace
rCold    . . .     Gourm    .   (no shield)
rNeg     . . .     Faith    .   a - +0 robe
rPois    .         Spirit   .   (helmet restricted)
rElec    .         Reflect  .   (no cloak)
rCorr    .         Harm     .   (no gloves)
MR       .....                  (no boots)
Stlth    ++........             (no amulet)
Regen    1.1/turn               (no ring)
MPRegen  0.1/turn               (no ring)

@: no status effects
A: antennae 1, powered by death 1
a: no special abilities


You were on level 1 of the Dungeon.
You were not hungry.

You visited 1 branch of the dungeon, and saw 1 of its levels.

You collected 27 gold pieces.

Inventory:

Hand Weapons
 e - a +0 club
 h - a +0 mace (weapon)
Missiles
 f - 10 poisoned needles
 j - 24 bolts
 m - 19 stones (quivered)
Armour
 a - a +0 robe (worn)
 b - a +0 hat
 k - a +0 helmet
Scrolls
 g - a scroll of teleportation {unknown}
 l - a scroll of identify {unknown}
Books
 c - a book of Minor Magic

   Spells                             Type                      Level
   a - Magic Dart                     Conjuration                  1
   b - Blink                          Translocation                2
   c - Call Imp                       Summoning                    2
   d - Slow                           Hexes                        2
   e - Conjure Flame                  Conjuration/Fire             3
   f - Mephitic Cloud                 Conjuration/Poison/Air       3
Comestibles
 d - a bread ration
 i - 2 fruits


   Skills:
 - Level 1.7 Dodging
 - Level 1.7 Stealth
 * Level 3.4 Spellcasting
 * Level 2.2 Conjurations
   Level 1.0 Summonings
   Level 0.8 Translocations


You had 7 spell levels left.
You knew the following spells:

 Your Spells              Type           Power        Failure   Level  Hunger
a - Magic Dart            Conj           ##..         5%          1    None


Dungeon Overview and Level Annotations

Branches:
Dungeon (1/15)

Altars:


Innate Abilities, Weirdness & Mutations

You have a pair of small antennae on your head.
You regenerate a little health from kills.


Message History

Aiming: Magic Dart
Press: ? - help, Shift-Dir - straight line, f - hobgoblin
Aim: a hobgoblin (resting)
The magic dart hits the hobgoblin.
The hobgoblin is severely wounded.
The hobgoblin shouts!
Casting: Magic Dart
Confirm with . or Enter, or press ? or * to list all spells.
Aiming: Magic Dart
Press: ? - help, Shift-Dir - straight line, f/p - hobgoblin
Aim: a hobgoblin (severely wounded)
The magic dart hits the hobgoblin.
You kill the hobgoblin!
You have reached level 3!
Your experience leads to an increase in your attributes!
Increase (S)trength, (I)ntelligence, or (D)exterity?
You feel clever.
Your demonic ancestry asserts itself...
A pair of antennae grows on your head!
Your +0 helmet falls away!
Are you sure you want to abandon this character and quit the game? (Confirm with "yes".)

######### #........
#.##########
#.#@.........#######
...>....................
.†............##...#####
..###.#######.#..#.# #
#. #.####.# # # ## #.
##'####.## # #.#. .
#.....#..# # #.#.##### #
#.....##.#### #.......#
#..)....÷....


There were no monsters in sight!

Vanquished Creatures
  3 dart slugs (D:1)
  3 bats (D:1)
  2 giant cockroaches (D:1)
  2 goblins (D:1)
  4 hobgoblins (D:1)
  3 jackals (D:1)
  4 rats (D:1)
21 creatures vanquished.

Notes
Turn   | Place    | Note
-------+----------+-------------------------------------------
     0 | D:1      | Chiseanne the Demonspawn Wizard began the quest for the Orb.
     0 | D:1      | Reached XP level 1. HP: 13/13 MP: 4/4
   280 | D:1      | Gained mutation: You regenerate a little health from kills. [demonic ancestry]
   280 | D:1      | Reached XP level 2. HP: 3/19 MP: 0/6
  1225 | D:1      | Gained mutation: You have a pair of small antennae on your head. [demonic ancestry]
  1225 | D:1      | Reached XP level 3. HP: 24/24 MP: 4/7
  1226 | D:1      | Quit the game

Skill      XL: |  1  2 |
---------------+-------+-----
Conjurations   | 2 |  2.2
Dodging        | |  1.7
Stealth        | |  1.7
Spellcasting   | |  3.4
Summonings     | |  1.0
Translocations | |  0.8

Action                   || total
-------------------------++-------
Melee: Club              ||    14
       Mace              ||     2
 Cast: Magic Dart        ||    55
  Eat: Chunk             ||     1
Armor: Robe              ||     7
Dodge: Dodged            ||    14
